 Dungeon Crawl Stone Soup version 0.28.0 (webtiles) character file.

Game seed: 18024899789726600638

349 Sanktem7 the Chiller (level 6, 0/44 HPs)
             Began as a Gnoll Ice Elementalist on Feb 8, 2022.
             Slain by a hobgoblin (3 damage)
             ... on level 4 of the Dungeon.
             The game lasted 00:10:09 (3609 turns).

Sanktem7 the Chiller (Gnoll Ice Elementalist)       Turns: 3609, Time: 00:10:11

Health: 0/44       AC:  3    Str:  8    XL:     6   Next: 60%
Magic:  14/14      EV: 14    Int: 16    God:
Gold:   113        SH:  0    Dex: 14    Spells: 11/15 levels left

rFire   . . .      SeeInvis .   f - +6 rapier "Raselen" {freeze, rElec Dex+2}
rCold   . . .      Faith    .   (no shield)
rNeg    . . .      Spirit   .   a - +0 robe
rPois   .          Reflect  .   (no helmet)
rElec   +          Harm     .   (no cloak)
rCorr   .          Rampage  .   (no gloves)
Will    .....                   o - +0 pair of boots
Stlth   ++........              (no amulet)
HPRegen 0.14/turn               (no ring)
MPRegen 0.14/turn               (no ring)

@: silenced
A: fangs 1, strong nose, distributed training
a: no special abilities


You were on level 4 of the Dungeon.
You visited 1 branch of the dungeon, and saw 4 of its levels.

You collected 113 gold pieces.

Inventory:

Hand Weapons
 f - the +6 rapier "Raselen" (weapon) {freeze, rElec Dex+2}
   (You found it on level 4 of the Dungeon)

   It freezes those it strikes, dealing additional cold damage.
   It can also slow down cold-blooded creatures.
   Dex:       It affects your dexterity (+2).
   rElec:     It insulates you from electricity.
 l - a +0 vorpal shortbow
Missiles
 m - 39 arrows
Armour
 a - a +0 robe (worn)
 o - a +0 pair of boots (worn)
Scrolls
 b - a scroll of fog {unknown}
 e - a scroll of summoning {unknown}
 h - a scroll of noise
Potions
 d - a potion of curing {unknown}
 j - a potion of attraction


   Skills:
 + Level 2.0 Fighting
 + Level 2.0 Short Blades
 + Level 2.0 Long Blades
 + Level 2.0 Axes
 + Level 2.0 Maces & Flails
 + Level 2.0 Polearms
 + Level 2.0 Staves
 + Level 2.0 Slings
 + Level 2.0 Bows
 + Level 2.0 Crossbows
 + Level 2.0 Throwing
 + Level 2.0 Armour
 + Level 5.0 Dodging
 + Level 4.6 Stealth
 + Level 2.0 Shields
 + Level 2.0 Unarmed Combat
 + Level 5.4 Spellcasting
 + Level 1.6 Conjurations
 + Level 1.6 Hexes
 + Level 1.6 Summonings
 + Level 1.6 Necromancy
 + Level 1.6 Translocations
 + Level 1.6 Transmutations
 + Level 1.6 Fire Magic
 + Level 7.3 Ice Magic
 + Level 1.6 Air Magic
 + Level 1.6 Earth Magic
 + Level 1.6 Poison Magic
 + Level 2.2 Invocations
 + Level 2.0 Evocations


You had 11 spell levels left.
You knew the following spells:

 Your Spells              Type           Power      Damage    Failure   Level
a - Freeze                Ice            100%       1d11      1%          1
b - Frozen Ramparts       Ice            54%        1d7       2%          3

Your spell library contained the following spells:

 Spells                   Type           Power      Damage    Failure   Level
 Ozocubu's Armour         Ice            27%        N/A       2%          3
 Stone Arrow              Conj/Erth      18%        3d8       22%         3
 Hailstorm                Conj/Ice       18%        3d6       24%         4
 Animate Armour           Summ/Erth      18%        N/A       58%         4
 Lehudib's Crystal Spear  Conj/Erth      4%         10d3      100%        8


Dungeon Overview and Level Annotations

Branches:
Dungeon (4/15)
 Temple: D:4-7

Altars:

Annotations:
D:4 Menkaure


Innate Abilities, Weirdness & Mutations

You have very sharp teeth.
Your uncanny sense of smell can sniff out nearby items.
Your experience applies equally to all skills.


Message History

You barely miss the ball python.
The ball python bites you but does no damage.
The ball python constricts you.
You hit the ball python.
The ball python seems to slow down.
You freeze the ball python.
You kill the ball python!
Found a rapier.
Menkaure, Prince of Dust comes into view.
Menkaure is nearby!
A hobgoblin comes into view.
Menkaure shouts!
Menkaure casts a spell at you. Pain shoots through your body!
The hobgoblin shouts!
You puncture Menkaure! You freeze Menkaure.
Menkaure is moderately damaged.
Menkaure calls on the powers of darkness!
Your body is wracked with pain!
The hobgoblin convulses!
You hit Menkaure but do no damage.
Menkaure is moderately damaged.
The hobgoblin closely misses you.
Menkaure mumbles some strange words.
Menkaure seems to speed up.
You hit Menkaure. You freeze Menkaure.
Menkaure is severely damaged.
The hobgoblin closely misses you. Menkaure hits you.
* * * LOW HITPOINT WARNING * * *
The hobgoblin hits you.
* * * LOW HITPOINT WARNING * * *
You hit Menkaure. You bite Menkaure, but do no damage.
Menkaure is severely damaged.
Menkaure barely misses you. The hobgoblin barely misses you. Menkaure hits you!
* * * LOW HITPOINT WARNING * * *
Read: scroll of silence
Press: ? - help, Q - select action, (/) - cycle Dir - look around, f - activate Look: Menkaure (severely damaged, fast)
As you read the scroll of silence, it crumbles to dust.
A profound silence engulfs you. Menkaure completely misses you.
The hobgoblin hits you.
You die...

##### #.#########
## ###.# ### #.
..#.# #...#. #.#.#
#...#. #.#.#######
.......##
#.#...†...#
...#....#
#.#?.####.# ###
......g.###.#..#
†.#
#M@.......####.###
#.####
##............)...
.....#
######...####.###
..##.# ##.......#
..##.# #.#######
...#.# #.# .....#
∆ #+# ##.### #.#


You could see Menkaure (fast) and a hobgoblin.

Vanquished Creatures
  A centaur (D:3)
  An orc priest (D:2)
  2 hounds (D:4)
  An iguana (D:4)
  An orc wizard (D:2)
  5 adders
  An adder skeleton (D:4)
  2 worms (D:2)
  4 dart slugs
  2 orcs
  5 ball pythons
  10 endoplasms
  5 giant cockroaches
  3 goblins
  5 hobgoblins
  7 quokkas
  2 bats
  4 frilled lizards
  8 kobolds
  2 rats (D:3)
71 creatures vanquished.

Vanquished Creatures (others)
  10 fungi (D:1)
10 creatures vanquished.

Grand Total: 81 creatures vanquished

Notes
Turn   | Place    | Note
-------+----------+-------------------------------------------
     0 | D:1      | Sanktem7 the Gnoll Ice Elementalist began the quest for the
                  | Orb.
     0 | D:1      | Reached XP level 1. HP: 13/13 MP: 6/6
   159 | D:1      | Reached XP level 2. HP: 16/19 MP: 4/7
   504 | D:1      | Found a faded altar of an unknown god.
   725 | D:1      | Reached XP level 3. HP: 23/25 MP: 7/9
   732 | D:1      | Reached skill level 5 in Spellcasting
  1325 | D:2      | Reached skill level 1 in Invocations
  1337 | D:2      | Reached skill level 1 in Fighting
  1337 | D:2      | Reached skill level 1 in Short Blades
  1337 | D:2      | Reached skill level 1 in Long Blades
  1337 | D:2      | Reached skill level 1 in Axes
  1337 | D:2      | Reached skill level 1 in Maces & Flails
  1337 | D:2      | Reached skill level 1 in Polearms
  1337 | D:2      | Reached skill level 1 in Staves
  1337 | D:2      | Reached skill level 1 in Slings
  1337 | D:2      | Reached skill level 1 in Bows
  1337 | D:2      | Reached skill level 1 in Crossbows
  1337 | D:2      | Reached skill level 1 in Throwing
  1337 | D:2      | Reached skill level 1 in Armour
  1337 | D:2      | Reached skill level 1 in Shields
  1337 | D:2      | Reached skill level 1 in Unarmed Combat
  1337 | D:2      | Reached skill level 1 in Evocations
  1637 | D:2      | Reached XP level 4. HP: 32/32 MP: 8/11
  1648 | D:2      | Learned a level 3 spell: Frozen Ramparts
  1777 | D:2      | Reached skill level 1 in Conjurations
  1777 | D:2      | Reached skill level 1 in Hexes
  1777 | D:2      | Reached skill level 1 in Summonings
  1777 | D:2      | Reached skill level 1 in Necromancy
  1777 | D:2      | Reached skill level 1 in Translocations
  1777 | D:2      | Reached skill level 1 in Transmutations
  1777 | D:2      | Reached skill level 1 in Fire Magic
  1777 | D:2      | Reached skill level 1 in Air Magic
  1777 | D:2      | Reached skill level 1 in Earth Magic
  1777 | D:2      | Reached skill level 1 in Poison Magic
  1781 | D:2      | Reached XP level 5. HP: 28/37 MP: 3/12
  2361 | D:3      | Noticed a centaur
  2372 | D:3      | Killed a centaur
  2373 | D:3      | Reached XP level 6. HP: 23/44 MP: 8/13
  3047 | D:4      | Reached skill level 5 in Dodging
  3545 | D:4      | Identified the +6 rapier "Raselen" {freeze, rElec Dex+2}
  3599 | D:4      | Noticed Menkaure
  3608 | D:4      | HP: 2/44 [Menkaure (7)]
  3609 | D:4      | Slain by a hobgoblin

Illustrated notes

Levels and vault maps discovered:
D:1:      scummos_arrival_checkerplants, layout_basic,
          ebering_ecumenical_altar_abandoned
D:2:      layout_rooms, hangedman_decor_clover_reticule
D:3:      layout_loops_ring
D:4:      layout_loops_corners, uniq_menkaure

Skill      XL: |  1  2  3  4  5  6 |
---------------+-------------------+-----
Spellcasting   | 5 |  5.4
Invocations    | 1 2 |  2.2
Fighting       | 1 2 |  2.0
Short Blades   | 1 2 |  2.0
Long Blades    | 1 2 |  2.0
Axes           | 1 2 |  2.0
Maces & Flails | 1 2 |  2.0
Polearms       | 1 2 |  2.0
Staves         | 1 2 |  2.0
Slings         | 1 2 |  2.0
Bows           | 1 2 |  2.0
Crossbows      | 1 2 |  2.0
Throwing       | 1 2 |  2.0
Armour         | 1 2 |  2.0
Shields        | 1 2 |  2.0
Unarmed Combat | 1 2 |  2.0
Evocations     | 1 2 |  2.0
Conjurations   | 1 |  1.6
Hexes          | 1 |  1.6
Summonings     | 1 |  1.6
Necromancy     | 1 |  1.6
Translocations | 1 |  1.6
Transmutations | 1 |  1.6
Fire Magic     | 1 |  1.6
Air Magic      | 1 |  1.6
Earth Magic    | 1 |  1.6
Poison Magic   | 1 |  1.6
Dodging        | 5 |  5.0
Stealth        | |  4.6
Ice Magic      | |  7.3

Action                   |  1- 3 |  4- 6 || total
-------------------------+-------+-------++-------
Melee: Unarmed           |     5 |     2 ||     7
       Bite              |     1 |     3 ||     4
       Punch             |     1 |       ||     1
       Rapier            |       |     8 ||     8
 Fire: Shortbow          |       |    28 ||    28
 Cast: Freeze            |    58 |    58 ||   116
       Frozen Ramparts   |       |     1 ||     1
  Use: Scroll            |       |     6 ||     6
       Potion            |       |     5 ||     5
 Stab: Sleeping          |     1 |       ||     1
Armor: Robe              |    10 |     6 ||    16
Dodge: Dodged            |    27 |    41 ||    68
